 Dungeon Crawl Stone Soup version 0.30-a0-368-g86fb4627a9 (webtiles) character file.

Game seed: 4663407158495471959

186 RascalDebosk the Magician (level 5, -8/35 HPs)
             Began as a Djinni Venom Mage on Nov 18, 2022.
             Killed by divine providence
             ... invoked by an orc priest
              (11 damage)
             ... on level 3 of the Dungeon.
             The game lasted 00:20:40 (2765 turns).

RascalDebosk the Magician (Djinni Venom Mage)       Turns: 2765, Time: 00:20:41

Health: -8/35      AC:  2    Str:  7    XL:     5   Next: 98%
Gold:   102        EV: 12    Int: 19    God:
                   SH:  0    Dex: 13

rFire   + + .      SeeInvis .    s - +0 dagger
rCold   x . .      Faith    .    (no shield)
rNeg    . . .      Spirit   .    a - +0 robe
rPois   ∞          Reflect  .    (no helmet)
rElec   .          Harm     .    (no cloak)
rCorr   .          Rampage  .    (no gloves)
Will    .....                    (boots unavailable)
Stlth   ++........               (no amulet)
HPRegen 0.25/turn                (no ring)
MPRegen 0.00/turn                (no ring)

@: flying
A: sickness immunity, fire resistance 2, cold vulnerability 1, float, innate
caster, HP casting, extra vitality 1
a: no special abilities


You were on level 3 of the Dungeon.
You visited 1 branch of the dungeon, and saw 3 of its levels.

You collected 102 gold pieces.

Inventory:

Hand Weapons
 g - a +0 broad axe
 s - a +0 dagger (weapon)
Armour
 a - a +0 robe (worn)
Wands
 i - a wand of flame (27)
Scrolls
 c - a scroll of amnesia {unknown}
 d - 3 scrolls of poison {unknown}
 e - 4 scrolls of identify {unknown}
 h - 2 scrolls of butterflies {unknown}
 j - a scroll of enchant armour {unknown}
 k - a scroll of teleportation {unknown}
 l - a scroll of noise {unknown}
 m - 2 scrolls of silence {unknown}
Potions
 b - 2 potions of heal wounds {unknown}
 f - 2 potions of lignification {unknown}
 n - a potion of cancellation {unknown}


   Skills:
 - Level 2.1 Dodging
 - Level 1.5 Stealth
 * Level 4.8 Spellcasting


You couldn't memorise any spells.
You knew the following spells:

 Your Spells              Type           Power      Damage    Failure   Level
a - Sting                 Tmut/Pois      88%        1d7       1%          1
b - Poisonous Vapours     Pois/Air       44%        N/A       2%          2
c - Mephitic Cloud        Conj/Pois/Air  22%        N/A       5%          3
d - Olgreb's Toxic Radia  Pois           22%        N/A       17%         4
e - Apportation           Tloc           44%        N/A       1%          1
f - Ensorcelled Hibernat  Hex/Ice        44%        N/A       2%          2
Your spell library was empty.

Dungeon Overview and Level Annotations

Branches:
Dungeon (3/15)

Altars:


Innate Abilities, Weirdness & Mutations

You are immune to sickness and miasma.
You are immune to poison.
Your flesh is very heat resistant. (rF++)
You are vulnerable to cold. (rC-)
You float through the air rather than walking.
You learn spells naturally, not from books.
Your magical power is your life essence.
You have superior vitality. (+4 MHP)


Message History

Confirm with . or Enter, or press ? or * to list all spells.
You can't see any susceptible monsters within range! (Use Z to cast anyway.)
Casting: Poisonous Vapours (safe; 3% risk of failure)
Confirm with . or Enter, or press ? or * to list all spells.
Aiming: Ensorcelled Hibernation (safe; 3% risk of failure)
Press: ? - help, Shift-Dir - straight line, f/p - Jessica
Aim: Jessica, wielding a +5 club and wearing a +0 robe (lightly wounded, very poisoned, chance to affect: 62%) Jessica looks drowsy...
The helpless Jessica fails to defend herself.
You hit Jessica.
You kill Jessica!
Things that are here:
a +5 club; a +0 robe; the human corpse of Jessica An orc comes into view.
It is wielding a +0 falchion.
The orc shouts!
An orc comes into view. It is wielding a +0 flail.
An orc comes into view. It is wielding a +0 club.
Casting: Ensorcelled Hibernation (safe; 2% risk of failure)
Confirm with . or Enter, or press ? or * to list all spells.
The spell is extremely dangerous to miscast (19% risk of failure)!
Continue anyway?
You begin to radiate toxic energy.
The orc is poisoned. x2
You hear a shout!
You closely miss the orc.
The orc is almost dead.
The orc looks even sicker.
You kill the orc!
The orc is poisoned.
The orc looks even sicker.
Your toxic aura wanes.
You kill the orc!
You see here a +0 falchion.
You closely miss the orc.
The orc is almost dead.
An orc priest comes into view. It is wielding a +0 club.
The orc hits you but does no damage.
The orc priest shouts!
You hit the orc.
You kill the orc!
The orc priest hits you with a +0 club.
Items here: $ )) [ †.
You completely miss the orc priest. The orc priest barely misses you.
You closely miss the orc priest.
The orc priest hits you but does no damage.
You barely miss the orc priest. The orc priest hits you with a +0 club.
You hit the orc priest but do no damage.
The orc priest calls down the wrath of Beogh upon you.
You struggle to resist.
You hit the orc priest.
The orc priest is lightly wounded.
The orc priest completely misses you.
You closely miss the orc priest.
The orc priest is lightly wounded.
The orc priest hits you with a +0 club.
You hit the orc priest.
The orc priest is moderately wounded.
The orc priest closely misses you.
You closely miss the orc priest.
The orc priest is moderately wounded.
The orc priest barely misses you.
You hit the orc priest but do no damage.
The orc priest is moderately wounded.
The orc priest misses you.
You barely miss the orc priest.
The orc priest is moderately wounded.
The orc priest calls down the wrath of Beogh upon you.
Beogh smites you!
* * * LOW HITPOINT WARNING * * *
Casting: Olgreb's Toxic Radiance (quite dangerous; 17% risk of failure)
Confirm with . or Enter, or press ? or * to list all spells.
The spell is quite dangerous to miscast (17% risk of failure)!
Continue anyway? [Y]es or [N]o only, please.
The spell is quite dangerous to miscast (17% risk of failure)!
Continue anyway?
Okay, then.
Casting: Olgreb's Toxic Radiance (quite dangerous; 17% risk of failure)
Confirm with . or Enter, or press ? or * to list all spells.
Aiming: Ensorcelled Hibernation (safe; 2% risk of failure)
Press: ? - help, Shift-Dir - straight line, f - orc priest
Aim: an orc priest, wielding a +0 club and wearing a +0 leather armour (moderately wounded, chance to affect: 54%)
The orc priest resists with significant effort.
* * * LOW HITPOINT WARNING * * *
The orc priest looks satisfied for a moment.
Casting: Ensorcelled Hibernation (safe; 2% risk of failure)
Confirm with . or Enter, or press ? or * to list all spells.
Aiming: Ensorcelled Hibernation (safe; 2% risk of failure)
Press: ? - help, Shift-Dir - straight line, f/p - orc priest
Aim: an orc priest, wielding a +0 club and wearing a +0 leather armour (moderately wounded, chance to affect: 54%)
The orc priest resists with significant effort.
* * * LOW HITPOINT WARNING * * *
A jackal comes into view.
The orc priest closely misses you.
The jackal moves out of view.
Casting: Ensorcelled Hibernation (safe; 2% risk of failure)
Confirm with . or Enter, or press ? or * to list all spells.
Aiming: Ensorcelled Hibernation (safe; 2% risk of failure)
Press: ? - help, Shift-Dir - straight line, f/p - orc priest
Aim: an orc priest, wielding a +0 club and wearing a +0 leather armour (moderately wounded, chance to affect: 54%)
The orc priest resists with significant effort.
* * * LOW HITPOINT WARNING * * *
The orc priest mumbles some strange prayers to Beogh against you.
Beogh smites you!
You die...

#.........#.###.#.
.. #####.#####.#
#.# .. #.# #.# #.#
.. #.# #.# #.# ##
#.# #.# #.# .. #.#
#.# #.# # # .. #.#
#.# #.# .#... ..
#(# #)###.#.....# #
#...)@.....#
#........###o......
#######.## .......
#.# ....... #.#
....... ... .......
... ....... ....
.......


You could see an orc priest.

Vanquished Creatures
  Jessica (D:3)
  4 gnolls (D:3)
  4 adders
  2 dart slugs (D:1)
  3 orcs (D:3)
  4 bats
  5 endoplasms
  4 giant cockroaches
  6 goblins
  11 hobgoblins
  3 jackals (D:1)
  9 quokkas
  5 ball pythons
  A frilled lizard (D:1)
  3 kobolds (D:1)
  7 rats
72 creatures vanquished.

Notes
Turn   | Place    | Note
-------+----------+-------------------------------------------
     0 | D:1      | RascalDebosk the Djinni Venom Mage began the quest for the
                  | Orb.
     0 | D:1      | RascalDebosk set off with the following spells memorised:
                  | Sting, Poisonous Vapours, Mephitic Cloud, Olgreb's Toxic
                  | Radiance.
     0 | D:1      | Reached XP level 1. HP: 15/15 MP: 0/0
    47 | D:1      | Reached XP level 2. HP: 10/21 MP: 0/0
   239 | D:1      | Reached skill level 3 in Spellcasting
   402 | D:1      | Reached XP level 3. HP: 23/25 MP: 0/0
   402 | D:1      | Learned a level 1 spell: Apportation
   803 | D:1      | HP: 1/25 [quokka (3)]
  1120 | D:1      | Reached XP level 4. HP: 16/31 MP: 0/0
  1369 | D:2      | Found a faded altar of an unknown god.
  2017 | D:2      | Reached skill level 4 in Spellcasting
  2299 | D:2      | Reached XP level 5. HP: 32/35 MP: 0/0
  2299 | D:2      | Learned a level 2 spell: Ensorcelled Hibernation
  2731 | D:3      | Noticed Jessica
  2739 | D:3      | Killed Jessica
  2765 | D:3      | Killed from afar by an orc priest

Illustrated notes

Levels and vault maps discovered:
D:1:      lightli_molten_gateway, layout_basic, minmay_bisected
D:2:      layout_basic, nicolae_ecumenical_pavilion, st_stairs_5,
          minmay_tetromino_t2
D:3:      layout_rooms, minmay_misc_feat_four_crosses, uniq_jessica

Skill      XL: |  1  2  3  4 |
---------------+-------------+-----
Spellcasting   | 3 4 |  4.8
Dodging        | |  2.1
Stealth        | |  1.5

Action                   |  1- 3 |  4- 6 || total
-------------------------+-------+-------++-------
Melee: Broad axe         |       |    19 ||    19
       Dagger            |       |    53 ||    53
       Punch             |       |     1 ||     1
 Cast: Sting             |    36 |     3 ||    39
       Poisonous Vapours |    38 |    27 ||    65
       Mephitic Cloud    |    11 |       ||    11
       Apportation       |     2 |       ||     2
       Olgreb's Toxic Ra |       |     3 ||     3
       Ensorcelled Hiber |       |    10 ||    10
 Stab: Sleeping          |       |     4 ||     4
Armor: Robe              |     7 |    11 ||    18
Dodge: Dodged            |    30 |    50 ||    80

Table legend: (Time is in decaauts)
 A = Elapsed time spent in this place.
 B = Non-inter-level travel time spent in this place.
 C = Inter-level travel time spent in this place.
 D = Time resting spent in this place.
 E = Time spent auto-exploring this place.
 F = Levels seen in this place.
 G = Mean time per level.
                   A        B        C        D        E       F      G
               +--------+--------+--------+--------+--------+-----+--------+
         Total |   2774 |   2754 |     20 |    367 |   1642 |   3 |  924.7 |
       Dungeon |   2774 |   2754 |     20 |    367 |   1642 |   3 |  924.7 |
               +--------+--------+--------+--------+--------+-----+--------+

Top non-repeatable levels by time:
     D:1: 1368 daAuts
     D:2: 1010 daAuts
     D:3: 395 daAuts
